Map: Simulacrum LE

Players

antagomiR

  • Race: Protoss Protoss
  • League: Gold
  • Spawn Location: 11:00

MagNihlate - Winner!

  • Race: Terran Terran
  • League: Silver
  • Spawn Location: 5:00

VOD

Have the link to the VOD?

Description

Time

  • Played on: April 1, 2020, 9:34 p.m.
  • Length: 20:11
Show
View Real Time Build Order
Export as new Build Order

antagomiR Protoss 

Build Orders: Archon Immortal 

Get SALT Encoding   

  12  0:01  Probe  
  13  0:13  Probe  
  14  0:25  Probe, Pylon  
  15  0:43  Probe  
  15  0:44  Gateway  
  16  0:53  Assimilator  
  16  0:55  Probe  
  17  1:07  Assimilator  
  17  1:08  Probe  
  18  1:20  Probe  
  19  1:32  Probe, Cybernetics Core  
  20  1:44  Probe  
  21  1:48  Pylon  
  21  1:56  Probe  
  22  2:02  Warp Gate (Chrono Boost)  
  22  2:10  Stalker (Chrono Boost)  
  24  2:16  Probe  
  25  2:28  Probe  
  26  2:37  Nexus  
  26  2:42  Pylon, Sentry  
  28  2:45  Probe  
  29  2:54  Pylon  
  29  2:58  Probe  
  30  3:08  Robotics Facility  
  30  3:09  Sentry  
  30  3:10  Probe  
  33  3:22  Probe  
  34  3:33  Shield Battery  
  34  3:35  Probe  
  34  3:40  Gateway  
  35  3:45  Gateway  
  35  3:46  Pylon  
  35  3:47  Probe  
  36  4:02  Twilight Council  
  36  4:05  Pylon  
  36  4:07  Probe x2  
  38  4:12  Zealot  
  40  4:22  Probe x2  
  42  4:34  Probe x2  
  42  4:35  Observer  
  45  4:46  Probe x2, Charge  
  45  4:48  Pylon  
  47  4:54  Templar Archives  
  47  4:56  Stalker  
  47  4:58  Probe x2, Zealot  
  53  5:14  Probe x2  
  55  5:26  Probe x2  
  55  5:35  Assimilator  
  55  5:38  Probe  
  55  5:41  High Templar x2  
  55  5:42  Forge, Assimilator  
  60  5:44  Forge  
  60  5:53  Gateway x2  
  60  5:56  Gateway  
  60  6:06  Probe x2  
  60  6:08  Gateway  
  60  6:10  Gateway  
  60  6:11  Protoss Ground Weapons Level 1 (Chrono Boost)  
  62  6:16  Protoss Ground Armor Level 1 (Chrono Boost)  
  62  6:18  Probe x2, Pylon  
  64  6:25  Pylon  
  63  6:30  Probe, Observer  
  65  6:36  Archon  
  65  6:43  High Templar  
  67  6:52  Immortal  
  71  7:08  High Templar  
  73  7:10  Zealot  
  73  7:11  Zealot x5  
  85  7:28  High Templar  
  87  7:31  Immortal  
  87  7:32  Archon  
  91  7:39  Zealot x4  
  91  7:40  Zealot  
  101  7:59  Probe  
  101  8:00  Protoss Ground Weapons Level 2 (Chrono Boost)  
  101  8:03  Protoss Ground Armor Level 2 (Chrono Boost), Nexus  
  102  8:09  Pylon  
  102  8:13  Pylon  
  102  8:27  Probe  
  102  8:28  Probe, Observer  
  105  8:34  Shield Battery  
  105  8:37  Pylon  
  105  8:40  Probe  
  105  8:41  Pylon  
  106  8:44  Pylon  
  106  8:49  Immortal  
  106  8:53  Shield Battery  
  110  8:56  Photon Cannon  
  110  8:59  Photon Cannon  
  110  9:13  Photon Cannon  
  110  9:18  Photon Cannon  
  110  9:20  High Templar x2  
  110  9:21  High Templar x3  
  120  9:24  Archon  
  120  9:25  Archon  
  120  9:27  Archon  
  120  9:28  Immortal  
  124  9:38  Zealot  
  126  9:41  Assimilator  
  126  9:43  Assimilator  
  126  9:47  Pylon  
  126  9:49  Pylon  
  126  10:07  Immortal  
  130  10:14  High Templar x2  
  130  10:15  High Templar  
  130  10:17  Zealot  
  130  10:20  Archon  
  138  10:21  Zealot  
  138  10:22  Zealot x2  
  138  10:23  Zealot  
  146  10:28  Protoss Ground Weapons Level 3 (Chrono Boost)  
  146  10:47  Immortal, Zealot x2  
  146  10:48  Zealot x5  
  164  11:08  High Templar x2  
  164  11:10  Zealot x2  
  172  11:13  Archon  
  172  11:31  Warp Prism (Chrono Boost)  
  173  11:42  Robotics Facility  
  173  12:14  Pylon  
  173  12:16  Protoss Ground Armor Level 3  
  173  12:17  Pylon  
  173  12:23  Pylon  
  173  12:24  Pylon  
  173  12:32  Immortal (Chrono Boost)  
  177  12:47  Zealot x3  
  177  12:48  Zealot x2  
  177  12:50  Immortal (Chrono Boost)  
  191  13:06  Immortal (Chrono Boost)  
  195  13:22  Immortal  
  197  13:59  Pylon  
  197  14:01  Nexus  
  197  14:05  Pylon  
  197  14:07  Pylon  
  123  15:17  Zealot x4  
  123  15:18  Zealot x3  
  89  15:31  Nexus  
  89  15:33  Pylon  
  81  15:35  Pylon  
  81  15:43  Immortal x2  
  89  16:02  Zealot  
  89  16:03  Zealot x5  
  89  16:04  Zealot x2  
  102  16:22  Immortal x2  
  102  16:24  Zealot  
  110  16:26  Sentry x2  
  110  16:27  Sentry  
  84  16:40  High Templar, Zealot x3  
  65  16:53  Zealot  
  65  16:54  Zealot x3  
  65  17:01  Immortal x2  
  72  17:11  Zealot x3  
  72  17:12  Zealot  
  72  17:13  Zealot  
  72  17:14  Zealot x3  
  72  17:33  Zealot x2  
  72  17:34  Zealot x5  
  72  17:35  Zealot  
  78  17:40  Immortal  
  78  17:41  Immortal  
  80  18:12  Nexus  
  80  18:16  Photon Cannon  
  84  18:20  Immortal x2  
  84  18:22  Probe x2  
  90  18:34  Probe  
  90  18:35  Probe  
  92  18:46  Probe  
  87  19:04  Zealot  
  87  19:05  Zealot  
  66  19:35  Zealot  
Show
View Real Time Build Order
Export as new Build Order

MagNihlate Terran - Winner!

Build Orders: Mech 

Get SALT Encoding   

  12  0:01  SCV  
  13  0:14  SCV  
  13  0:18  Supply Depot  
  14  0:27  SCV  
  15  0:39  SCV  
  15  0:40  Barracks  
  16  0:48  Supply Depot  
  16  0:51  SCV  
  17  0:59  Refinery  
  17  1:05  SCV  
  18  1:17  SCV  
  19  1:29  SCV  
  20  1:49  Command Center  
  20  1:53  Orbital Command  
  20  2:02  Refinery  
  20  2:17  Factory  
  20  2:21  SCV  
  21  2:36  SCV  
  22  2:38  Marine  
  23  2:49  SCV  
  24  2:56  Engineering Bay  
  24  3:01  Factory Tech Lab  
  24  3:02  SCV  
  25  3:25  SCV  
  27  3:28  Siege Tank  
  27  3:33  Orbital Command  
  29  3:37  SCV  
  30  3:47  Factory  
  30  3:49  SCV, Factory  
  31  4:00  SCV  
  31  4:01  SCV  
  33  4:14  Siege Tank  
  36  4:23  Orbital Command  
  36  4:32  Factory Tech Lab  
  36  4:35  Factory Reactor  
  36  4:49  SCV  
  36  4:50  SCV  
  38  5:02  Siege Tank  
  41  5:19  Command Center  
  41  5:22  Armory  
  40  5:31  SCV x2  
  42  5:39  Siege Tank  
  45  5:43  SCV  
  45  5:44  Refinery  
  45  5:46  Refinery  
  46  5:56  Supply Depot  
  46  5:57  Supply Depot  
  46  5:59  Supply Depot  
  46  6:04  Missile Turret  
  46  6:17  SCV x2, Siege Tank  
  46  6:18  Widow Mine  
  53  6:19  Supply Depot, Widow Mine  
  53  6:22  Supply Depot  
  55  6:33  Missile Turret  
  55  6:34  Terran Vehicle Weapons Level 1  
  55  6:42  Armory  
  55  6:56  Orbital Command  
  55  6:59  Thor  
  55  7:00  Hellbat x2  
  65  7:10  SCV  
  65  7:11  SCV  
  67  7:22  SCV  
  67  7:23  SCV  
  67  7:24  Thor  
  67  7:25  Hellbat x2  
  79  7:38  Terran Vehicle And Ship Armor Level 1  
  79  7:49  Missile Turret  
  79  7:54  Missile Turret  
  79  7:55  Missile Turret  
  79  8:02  Thor  
  79  8:03  Hellbat x2  
  79  8:04  Missile Turret  
  89  8:05  Missile Turret  
  89  8:22  Orbital Command  
  89  8:41  SCV  
  89  8:42  SCV  
  91  8:50  SCV  
  91  8:53  SCV  
  91  8:54  SCV  
  95  9:02  SCV  
  95  9:06  SCV  
  96  9:11  SCV  
  97  9:17  SCV  
  97  9:18  SCV  
  97  9:20  Hellbat  
  101  9:30  Supply Depot  
  101  9:33  Supply Depot  
  101  9:39  Terran Vehicle Weapons Level 2  
  101  9:40  Terran Vehicle And Ship Armor Level 2  
  101  9:43  Hi-Sec Auto Tracking  
  101  9:51  SCV, Thor  
  101  9:52  SCV  
  109  9:53  Supply Depot  
  109  9:55  SCV, Hellbat  
  109  9:57  Missile Turret x2, Supply Depot  
  109  9:59  Missile Turret  
  112  10:04  SCV  
  113  10:07  Missile Turret  
  113  10:12  SCV  
  113  10:13  SCV  
  115  10:15  Thor  
  115  10:16  SCV  
  122  10:24  SCV, Supply Depot  
  122  10:25  SCV  
  122  10:27  Supply Depot  
  122  10:28  SCV, Supply Depot  
  125  10:32  Hellbat  
  125  10:33  Hellbat  
  125  10:35  Supply Depot  
  129  10:41  Refinery  
  129  10:43  SCV x3, Refinery  
  129  10:46  Thor  
  138  10:55  SCV x3  
  138  10:56  Command Center  
  141  10:59  Thor  
  141  11:00  Hellbat x2  
  141  11:04  Neosteel Armor  
  151  11:07  SCV x3  
  154  11:19  SCV  
  154  11:24  Hellbat x2  
  159  11:28  Thor  
  165  11:40  Factory  
  165  11:41  Factory  
  165  11:43  Factory  
  165  11:46  Factory  
  165  11:59  Supply Depot  
  165  12:00  Supply Depot  
  165  12:01  Supply Depot  
  165  12:03  Terran Vehicle Weapons Level 3, Terran Vehicle And Ship Armor Level 3  
  165  12:08  SCV x3, Infernal Pre-Igniter  
  168  12:10  Smart Servos  
  168  12:13  Thor, Hellbat x2  
  178  12:20  SCV x2  
  178  12:21  Thor  
  178  12:22  Supply Depot  
  186  12:26  Factory  
  186  12:28  Factory  
  186  12:46  Factory Tech Lab x2  
  186  12:47  Factory Tech Lab  
  186  12:48  Factory Reactor  
  186  13:12  Missile Turret  
  186  13:37  Supply Depot  
  186  13:38  Supply Depot  
  186  14:14  Thor  
  186  14:15  Thor  
  71  15:44  Orbital Command  
  71  16:19  SCV x2  
  63  16:31  SCV x2  
  61  16:43  SCV x2  
  63  16:55  SCV x2  
  65  17:07  SCV x2  
  67  17:19  SCV  
  67  17:20  SCV  
  45  17:33  Thor x5  
  45  17:34  Hellbat  
  45  17:35  Hellbat x5  
  63  17:56  Planetary Fortress, Hellbat x3, Hellion  
  71  18:07  Hellbat x2  
  75  18:16  Thor x2  
  75  18:17  Hellbat x3  
  81  18:50  Orbital Command  
  81  19:12  Hellion  
  75  19:47  SCV x2  
  77  19:59  SCV x2  
Tags
 
Matchup
PvT
Replay Pack
20200422
Spawn Locations
Cross Positions
Add a new tag
Caveats
  • Supply blocks, unpowered buildings, or Contaminate may cause inaccurate times.
  • Supply counts are checked every 10 seconds.